 Dungeon Crawl Stone Soup version 0.17-a0-1020-ge683cc4 (webtiles) character file.

233 Ngotmuk the Chopper (level 5, -13/50 HPs)
             Began as a Deep Dwarf Fighter on May 18, 2015.
             Mangled by an ogre
             ... wielding a +0 giant club
              (23 damage)
             ... on level 4 of the Dungeon.
             The game lasted 00:05:23 (2082 turns).

Ngotmuk the Chopper (Deep Dwarf Fighter)            Turns: 2082, Time: 00:05:23

Health: -13/50     AC:  7    Str: 21    XL:     5   Next: 74%
Magic:  5/5        EV:  7    Int:  8    God:
Gold:   164        SH:  9    Dex: 12    Spells: 0 memorised, 4 levels left

rFire  . . .     SeeInvis .     a - +0 war axe
rCold  . . .     Clarity  .     b - +0 scale mail
rNeg   . . .     SustAb   .     c - +0 shield
rPois  .         Gourm    .     (no helmet)
rElec  .         Spirit   .     (no cloak)
rCorr  .         Warding  .     (no gloves)
rMut   .         Stasis   .     (no boots)
MR     .....                    p - amulet of faith
Stlth  ..........               (no ring)
                                (no ring)

@: non-regenerating, not resistant to hostile enchantments, extremely unstealthy
A: damage resistance, recharge devices, sense surroundings 1, slow healing 3
a: Device Recharging


You were on level 4 of the Dungeon.
You were not hungry.

You visited 1 branch of the dungeon, and saw 4 of its levels.

You collected 164 gold pieces.

Inventory:

Hand weapons
 a - a +0 war axe (weapon)
Armour
 b - a +0 scale mail (worn)
 c - a +0 shield (worn)
Jewellery
 k - an uncursed amulet of resist corrosion
 p - an amulet of faith (around neck)
Magical devices
 e - a wand of heal wounds (4)
 u - a wand of hasting (4)
Scrolls
 h - a scroll of enchant armour {unknown}
 i - 3 scrolls of identify {unknown}
 j - a scroll of teleportation {unknown}
 l - a scroll of fear {unknown}
 o - a scroll of blinking {unknown}
 r - a scroll of noise {unknown}
 s - 2 scrolls of remove curse {unknown}
Potions
 d - a potion of might
 g - a potion of heal wounds {unknown}
 m - a potion of lignification {unknown}
 n - a potion of resistance {unknown}
 q - a potion of curing {unknown}
 t - 2 potions of agility {unknown}
Comestibles
 f - 3 bread rations


   Skills:
 * Level 4.0 Fighting
 * Level 4.3 Axes
 + Level 4.0 Armour
 + Level 4.1 Shields


You had 4 spell levels left.
You didn't know any spells.

Dungeon Overview and Level Annotations

Branches:
Dungeon (4/15)
 Temple: D:4-7

Altars:
Ashenzari
Fedhas
Gozag
Makhleb
Vehumet
Yredelemnul
The Shining One


Innate Abilities, Weirdness & Mutations

You are resistant to damage.
You can recharge devices by infusing magical energy.
You passively map a small area around you.
You do not heal naturally.


Message History

You slash the orc!
You kill the orc!
Things that are here:
a hand axe; an orc corpse You now have 164 gold pieces (gained 11).
Found a stone staircase leading up.
An ogre comes into view. It is wielding a giant club.
The ogre shouts!
You hit the ogre.
The ogre is lightly wounded.
You block the ogre's attack.
You barely miss the ogre.
The ogre is lightly wounded.
You hear the slow rusting of a drain nearby.
The ogre hits you with a giant club!
* * * LOW HITPOINT WARNING * * *
You hit the ogre.
The ogre is lightly wounded.
The ogre hits you with a giant club!!
You die...

≈ , * , * + ≈≈≈ ≈,
,* * > , . , ... *
* * , ,
....####### ,
..........## *
......O@...#### ,
*
#########.....#...
, , ##........ ,,
, ##......### ,
##....#### *
##..#...#
##.####...<. *
##.## #..... ,
##.## #####*


You could see an ogre.

Vanquished Creatures
  Ijyb (D:2)
  An orc wizard (D:3)
  Natasha (thrice) (D:2)
  8 adders
  An ooze (D:2)
  A worm (D:1)
  4 giant geckos
  5 orcs
  A ball python (D:2)
  10 bats
  7 goblins
  9 hobgoblins
  5 kobolds
  3 giant newts (D:3)
  2 jackals (D:3)
  7 rats
  A bush (D:2)
  A plant (D:2)
70 creatures vanquished.

Notes
Turn   | Place    | Note
--------------------------------------------------------------
     0 | D:1      | Ngotmuk the Deep Dwarf Fighter began the quest for the Orb.
     0 | D:1      | Reached XP level 1. HP: 20/20 MP: 1/1
    69 | D:1      | Reached XP level 2. HP: 27/27 MP: 2/2
   296 | D:1      | Reached XP level 3. HP: 30/34 MP: 3/3
   529 | D:2      | Found an opulent altar of Gozag.
   530 | D:2      | Found a burning altar of Makhleb.
   602 | D:2      | Found a shattered altar of Ashenzari.
   655 | D:2      | Reached XP level 4. HP: 23/42 MP: 4/4
   684 | D:2      | Noticed Natasha
   698 | D:2      | Killed Natasha
   801 | D:2      | Noticed Ijyb
   809 | D:2      | Killed Ijyb
   844 | D:2      | Reached XP level 5. HP: 25/50 MP: 5/5
   847 | D:2      | Noticed Natasha
   855 | D:2      | Reached skill level 4 in Axes
   883 | D:2      | Killed Natasha
  1070 | D:2      | Noticed Natasha
  1076 | D:2      | Killed Natasha
  1293 | D:3      | Found a blossoming altar of Fedhas.
  1385 | D:3      | Found a radiant altar of Vehumet.
  1451 | D:3      | Found a basalt altar of Yredelemnul.
  1564 | D:3      | Found a glowing golden altar of the Shining One.
  2077 | D:4      | Noticed an ogre
  2082 | D:4      | Mangled by an ogre

Vault maps used:
D:1:      evilmike_arrival_run_for_it, minmay_misc_feat_five
D:2:      amethyst_overflow_temple_binary, first_bread, serial_forest,
          infiniplex_forest_straight_4, infiniplex_forest_split,
          infiniplex_forest_clump_large, infiniplex_forest_straight_3,
          infiniplex_forest_straight_2, infiniplex_forest_lined_2,
          ashenzari_altar_1, uniq_iyjb, uniq_natasha
D:3:      lemuel_crystal_altar, overflow_temple_1_default, lemuel_round_altar,
          grunt_ministairs_15, tso_metal_star
D:4:      overflow_temple_1_default, led_sif_book, portal_sewer_entry_e

Action                   |  1- 3 |  4- 6 || total
-------------------------+-------+-------++-------
Melee: War axe           |   104 |   152 ||   256
Evoke: Wand              |       |     1 ||     1
  Eat: Meat ration       |       |     1 ||     1
       Royal jelly       |       |     1 ||     1
